 Dungeon Crawl Stone Soup version 0.27.1-33-g824d729ab1 (webtiles) character file.

Game seed: 17170849653319369937

172 demibob the Chopper (level 5, -4/45 HPs)
             Began as a Minotaur Chaos Knight on Dec 7, 2021.
             Was a Plaything of Xom.
             Slain by a spriggan (16 damage)
             ... on level 4 of the Dungeon.
             The game lasted 00:04:38 (3444 turns).

demibob the Chopper (Minotaur Chaos Knight)         Turns: 3444, Time: 00:04:40

Health: -4/45      AC:  5    Str: 18      XL:     5   Next: 27%
Magic:  4/4        EV: 11    Int:  9      God:    Xom [*.....]
Gold:   82         SH:  0    Dex:  8 (9)  Spells: 4/4 levels left

rFire    . . .     SeeInvis +   a - +0 hand axe (chaos)
rCold    . . .     Faith    .   (no shield)
rNeg     . . .     Spirit   .   b - +2 leather armour
rPois    .         Reflect  .   (helmet restricted)
rElec    .         Harm     .   (no cloak)
rCorr    .         Rampage  .   (no gloves)
Will     .....                  (no boots)
Stlth    +.........             (no amulet)
HPRegen  0.15/turn              (no ring)
MPRegen  0.09/turn              (no ring)

@: mighty
A: horns 2, retaliatory headbutt, see invisible
a: Renounce Religion


You were on level 4 of the Dungeon.
You worshipped Xom.
You were a special plaything of Xom.
You visited 1 branch of the dungeon, and saw 4 of its levels.

You collected 134 gold pieces.
You spent 52 gold pieces at shops.


Innate Abilities, Weirdness & Mutations

You have a pair of horns on your head.
You reflexively headbutt those who attack you in melee.
You have supernaturally acute eyesight. (SInv)


   Skills:
 - Level 3.6 Fighting
 + Level 7.3 Axes
 - Level 2.4 Armour
 - Level 1.1 Dodging


You had 4 spell levels left.
You didn't know any spells.
Your spell library contained the following spells:

 Spells                   Type           Power      Damage    Failure   Level
 Slow                     Hex            0%         N/A       58%         2
 Static Discharge         Conj/Air       0%         N/A       58%         2
 Confusing Touch          Hex            0%         N/A       82%         3
 Ozocubu's Armour         Ice            0%         N/A       82%         3
 Lightning Bolt           Conj/Air       0%         1d11      100%        5
 Metabolic Englaciation   Hex/Ice        0%         N/A       100%        5
 Yara's Violent Unravell  Hex/Tmut       0%         3d3       100%        5
 Simulacrum               Ice/Necr       0%         N/A       100%        6
 Maxwell's Capacitive Co  Air            0%         ∞         100%        8

Inventory:

Hand Weapons
 a - a +0 hand axe of chaos (weapon)
Armour
 b - a +2 leather armour (worn)
Wands
 d - a wand of flame (31)
Scrolls
 c - a scroll of fog
 i - a scroll of magic mapping {unknown}
Potions
 e - a potion of flight {unknown}
 f - 2 potions of invisibility
 g - 2 potions of ambrosia
 h - 3 potions of brilliance
 j - a potion of heal wounds {@q2}

Dungeon Overview and Level Annotations

Branches:
Dungeon (4/15)             Temple (0/1) D:4

Altars:

Shops:
D:4

* [# #.# #.#
.######### #.# #.#
.........###.# #..
#####.###)##.# ###
####.## ##.#.#
##...# #...######
##.#.##
##.####b.!##
(..##.###.##
#.b...#####.
######...##
#..@i.......
##.######.bb..#####
#...........##
#############


You could see a spriggan (berserk, agile, drained, ally target).


Message History

You feel much better.
The spriggan completely misses your butterfly.
You feel very mighty all of a sudden.
The spriggan completely misses your butterfly.
The spriggan hits your butterfly.
Your butterfly dies!
Your butterfly disappears in a puff of smoke!
The spriggan misses your butterfly. The spriggan hits you! x2
You miss the spriggan.
The spriggan is moderately wounded.
The spriggan barely misses you.
You slash the spriggan! You burn the spriggan.
The spriggan is almost dead.
The spriggan hits you!
* * * LOW HITPOINT WARNING * * *
You closely miss the spriggan. Your headbutt misses the spriggan.
The spriggan is almost dead.
The spriggan closely misses you. The spriggan hits you.
* * * LOW HITPOINT WARNING * * *
You miss the spriggan.
The spriggan is severely wounded.
The spriggan hits you but does no damage.
You barely miss the spriggan.
The spriggan is severely wounded.
The spriggan hits you.
* * * LOW HITPOINT WARNING * * *
The spriggan hits you!
You die...
Xom laughs nastily!

Skill      XL: |  1  2  3  4 |
---------------+-------------+-----
Axes           | 4 5 6 7 |  7.3
Fighting       | |  3.6
Armour         | |  2.4
Dodging        | |  1.1

Action                   |  1- 3 |  4- 6 || total
-------------------------+-------+-------++-------
Melee: Hand axe          |    76 |    57 ||   133
       Headbutt          |    12 |     5 ||    17
  Use: Scroll            |     5 |     1 ||     6
       Potion            |       |     8 ||     8
Armor: Leather armour    |    20 |    51 ||    71
Dodge: Dodged            |    45 |    62 ||   107

Levels and vault maps discovered:
D:1:      sevenhm_arrival_forest_fort_small_3, layout_loops_ring,
          hellmonk_ecumenical_altar_inner_sanctum
D:2:      layout_basic, kennysheep_generic_room_11
D:3:      layout_loops_ring, kennysheep_generic_room_7
D:4:      layout_loops_ring, minmay_temple_entry_gardened_gates, serial_shops,
          nicolae_diamond_shop, dk_noncrumbling_2, minmay_misc_feat_more_columns

Notes
Turn   | Place    | Note
-------+----------+-------------------------------------------
     0 | D:1      | demibob the Minotaur Chaos Knight began the quest for the
                  | Orb.
     0 | D:1      | Reached XP level 1. HP: 19/19 MP: 0/0
    94 | D:1      | Reached skill level 4 in Axes
   171 | D:1      | XOM: silly message
   236 | D:1      | Reached XP level 2. HP: 26/26 MP: 1/1
   408 | D:1      | Found a faded altar of an unknown god.
   727 | D:2      | XOM: 3-stop teleportation journey
  1066 | D:2      | XOM: scenery: 1 doors open
  1077 | D:2      | Reached skill level 5 in Axes
  1077 | D:2      | Reached XP level 3. HP: 23/31 MP: 2/2
  1811 | D:3      | XOM: give mutation
  1811 | D:3      | Gained mutation: You have supernaturally acute eyesight.
                  | (SInv) [Xom's grace]
  1994 | D:3      | Reached skill level 6 in Axes
  1994 | D:3      | Reached XP level 4. HP: 39/39 MP: 3/3
  2317 | D:3      | XOM: 1-stop teleportation journey
  2444 | D:4      | XOM: noise
  2452 | D:4      | XOM: summons 1 hostile demon
  2513 | D:4      | XOM: summons 3 hostile demons
  2653 | D:4      | Noticed a scorpion
  2654 | D:4      | XOM: noise
  2656 | D:4      | XOM: swap monsters
  2659 | D:4      | Killed a scorpion
  2660 | D:4      | Reached skill level 7 in Axes
  2660 | D:4      | Reached XP level 5. HP: 36/45 MP: 4/4
  2740 | D:4      | Found a staircase to the Ecumenical Temple.
  2912 | D:4      | Found Xiuveel's General Store.
  2920 | D:4      | Bought a potion of might for 52 gold pieces
  3421 | D:4      | Noticed a black bear
  3422 | D:4      | Noticed a spriggan
  3422 | D:4      | a black bear changed into a spriggan
  3422 | D:4      | XOM: polymorph black bear -> spriggan
  3431 | D:4      | HP: 2/45 [spriggan (11)]
  3433 | D:4      | XOM: butterfly on damage
  3444 | D:4      | Slain by a spriggan

Vanquished Creatures
  A scorpion (D:4)
  An iguana (D:3)
  2 adders
  A howler monkey skeleton (D:4)
  2 worms
  An orc (D:3)
  4 bats
  6 endoplasms
  4 giant cockroaches (D:2)
  7 hobgoblins
  2 jackals (D:1)
  2 kobolds
  6 quokkas
  3 ball pythons
  2 frilled lizards
  4 goblins
  4 rats
52 creatures vanquished.

Vanquished Creatures (others)
  5 plants (D:4)
5 creatures vanquished.

Grand Total: 57 creatures vanquished

Table legend: (Time is in decaauts)
 A = Elapsed time spent in this place.
 B = Non-inter-level travel time spent in this place.
 C = Inter-level travel time spent in this place.
 D = Time resting spent in this place.
 E = Time spent auto-exploring this place.
 F = Levels seen in this place.
 G = Mean time per level.
                   A        B        C        D        E       F      G
               +--------+--------+--------+--------+--------+-----+--------+
         Total |   3449 |   3376 |     73 |    122 |   2867 |   4 |  862.2 |
       Dungeon |   3449 |   3376 |     73 |    122 |   2867 |   4 |  862.2 |
               +--------+--------+--------+--------+--------+-----+--------+

Top non-repeatable levels by time:
     D:2: 1023 daAuts
     D:4: 1001 daAuts
     D:3: 721 daAuts
     D:1: 703 daAuts

Table legend:
 A = Non-vault XP
 B = Vault XP
 C = Vault XP percentage of total XP
 D = Non-vault monster count
 E = Vault monster count
 F = Vault count percentage of total count
                 A         B        C        D         E       F
            +---------+---------+-------+---------+---------+-------
      Total |     210 |      36 |  14.6 |      49 |       3 |   5.8
            +---------+---------+-------+---------+---------+-------
        D:1 |      21 |       0 |   0.0 |      13 |       0 |   0.0
        D:2 |      46 |       1 |   2.1 |      17 |       1 |   5.6
        D:3 |      17 |      35 |  67.3 |       7 |       2 |  22.2
        D:4 |     126 |       0 |   0.0 |      12 |       0 |   0.0
            +---------+---------+-------+---------+---------+-------
